 Dungeon Crawl Stone Soup version 0.29-a0-222-g5b244fca1f (webtiles) character file.

Game seed: 4835358968344614117

781 ReploidZero the Twirler (level 7, -7/38 HPs)
             Began as a Vine Stalker Gladiator on Feb 28, 2022.
             Mangled by an ogre
             ... wielding a +0 giant club
              (16 damage)
             ... on level 5 of the Dungeon.
             The game lasted 00:10:13 (4122 turns).

ReploidZero the Twirler (Vine Stalker Gladiator)    Turns: 4122, Time: 00:10:13

Health: -7/38      AC:  6    Str: 25    XL:     7   Next: 85%
Magic:  0/8        EV: 13    Int:  8    God:
Gold:   266        SH:  0    Dex: 15    Spells: 6/6 levels left

rFire   . . .      SeeInvis .   a - +0 quarterstaff
rCold   . . .      Faith    .   (shield currently unavailable)
rNeg    . . .      Spirit   +   b - +0 leather armour
rPois   .          Reflect  .   c - +0 helmet
rElec   .          Harm     .   (no cloak)
rCorr   .          Rampage  .   k - +1 pair of gloves
Will    .....                   (no boots)
Stlth   +.........              j - amulet of magic regeneration
HPRegen 0.92/turn               g - +6 ring of strength
MPRegen 0.51/turn               (no ring)

@: no status effects
A: fangs 2, regeneration 1, magic shield, antimagic bite, no potion heal 2
a: no special abilities


You were on level 5 of the Dungeon.
You visited 1 branch of the dungeon, and saw 5 of its levels.
You also visited: Sewer.

You collected 266 gold pieces.

Inventory:

Hand Weapons
 a - a +0 quarterstaff (weapon)
Missiles
 d - 5 throwing nets (quivered)
Armour
 b - a +0 leather armour (worn)
 c - a +0 helmet (worn)
 k - a +1 pair of gloves (worn)
Jewellery
 g - a +6 ring of strength (left hand)
 j - an amulet of magic regeneration (around neck)
 l - a +4 ring of protection
Wands
 n - a wand of flame (21)
Scrolls
 f - 3 scrolls of enchant armour
 h - a scroll of summoning
 r - a scroll of teleportation
 u - a scroll of blinking
Potions
 e - a potion of cancellation {unknown}
 i - a potion of curing {unknown}
 m - 2 potions of might
 o - 2 potions of attraction
 p - a potion of invisibility {unknown}
 q - a potion of mutation
 s - a potion of degeneration {unknown}
 t - a potion of magic {unknown}


   Skills:
 + Level 4.6 Fighting
 + Level 5.2 Staves
 - Level 2.0 Throwing
 + Level 4.7 Dodging


You had 6 spell levels left.
You didn't know any spells.
Your spell library contained the following spells:

 Spells                   Type           Power      Damage    Failure   Level
 Borgnjor's Revivificati  Necr           0%         N/A       100%        8
 Necromutation            Tmut/Necr      0%         N/A       100%        8
 Death's Door             Necr           0%         N/A       100%        9


Dungeon Overview and Level Annotations

Branches:
Dungeon (5/15)              Sewer (visited)
 Temple: D:4-7

Altars:


Innate Abilities, Weirdness & Mutations

You have extremely sharp teeth.
Your natural rate of healing is unusually fast.
When hurt, damage is shared between your health and your magic reserves.
Your bite disrupts and absorbs the magic of your enemies.
Potions cannot restore your health.


Message History

You feel sick.
You feel sick.
You are no longer poisoned.
You now have 260 gold pieces (gained 16).
You open the door.
n - a wand of flame (21)
You now have 266 gold pieces (gained 6).
Found a stone staircase leading down.
Found a stone staircase leading up.
An ogre comes into view. It is wielding a +0 giant club.
An ogre is nearby!
An ogre is nearby!
An ogre is nearby!
The ogre shouts!
There is a stone staircase leading down here.
You hit the ogre.
The ogre is lightly wounded.
The ogre barely misses you.
You completely miss the ogre. You bite the ogre. You drain its power.
The ogre is moderately wounded.
The ogre hits you with a +0 giant club!!
Ouch! That really hurt!
You are too injured to fight recklessly!
You are too injured to fight recklessly!
You are too injured to fight recklessly!
Okay, then.
You hit the ogre. Your bite misses the ogre.
The ogre is moderately wounded.
There is a stone staircase leading down here.
You hit the ogre.
The ogre is heavily wounded.
The ogre barely misses you.
You thump the ogre! Your bite misses the ogre.
The ogre is severely wounded.
The ogre hits you with a +0 giant club!
* * * LOW HITPOINT WARNING * * *
You hit the ogre.
The ogre is severely wounded.
The ogre hits you with a +0 giant club!!
You die...

#.#...##.....#.#
..#.......##.#.#
#.#
..#..####.##.#.#
#.# ......
..##.#.# #.#
..#.#. #####.#.#
#.# ......#
####.#.####.#
.... ..
#.........#.#
....
#.......###.#####
#.....#.@O>.....#
+.....##....###.#
#.....#....##
..........#.#
...........#.#
#########....#
..#### .#.
#######...


You could see an ogre.

Vanquished Creatures
  2 water moccasins
  2 ogres (D:4)
  A phantom (D:4)
  A scorpion (D:5)
  A hound (D:4)
  2 orc wizards
  3 gnolls
  6 adders
  2 worms
  2 dart slugs (D:1)
  4 orcs
  7 ball pythons
  11 endoplasms
  5 giant cockroaches
  8 goblins
  6 hobgoblins
  8 jackals
  2 kobolds (D:3)
  12 quokkas
  6 bats
  5 frilled lizards
  7 rats
103 creatures vanquished.

Notes
Turn   | Place    | Note
-------+----------+-------------------------------------------
     0 | D:1      | ReploidZero the Vine Stalker Gladiator began the quest for
                  | the Orb.
     0 | D:1      | Reached XP level 1. HP: 11/11 MP: 2/2
   106 | D:1      | Found a faded altar of an unknown god.
   124 | D:1      | Reached XP level 2. HP: 10/15 MP: 3/3
   325 | D:1      | Reached skill level 3 in Staves
   646 | D:1      | Reached XP level 3. HP: 17/18 MP: 4/4
  1907 | D:2      | Gained mutation: Your natural rate of healing is unusually
                  | fast. [Vine Stalker growth]
  1907 | D:2      | Reached XP level 4. HP: 23/23 MP: 5/5
  2542 | D:2      | Reached XP level 5. HP: 21/28 MP: 4/6
  3271 | D:4      | Reached skill level 4 in Staves
  3279 | D:4      | Noticed a phantom
  3280 | D:4      | Noticed an ogre
  3295 | D:4      | Killed a phantom
  3296 | D:4      | Reached XP level 6. HP: 20/32 MP: 5/7
  3402 | D:4      | Found a glowing drain.
  3422 | Sewer    | Entered a sewer
  3459 | Sewer    | Noticed a water moccasin
  3465 | Sewer    | Killed a water moccasin
  3466 | Sewer    | Reached XP level 7. HP: 26/37 MP: 6/8
  3954 | D:5      | Entered Level 5 of the Dungeon
  4012 | D:5      | Reached skill level 5 in Staves
  4122 | D:5      | Mangled by an ogre

Illustrated notes

Levels and vault maps discovered:
D:1:      dpeg_arrival_chambers_temple_mockup, layout_basic,
          hellmonk_ecumenical_altar_lost_god
D:2:      wad_pebble_path, layout_loops_ring, minmay_misc_feat_room,
          hangedman_glass_teeth
D:3:      layout_loops_ring, minmay_cut_off
D:4:      layout_cave_pools, gup_sewer_entry_pipe
D:5:      layout_basic, nicolae_figureground_pulse

Skill      XL: |  1  2  3  4  5  6  7 |
---------------+----------------------+-----
Fighting       | 2 3 4 |  4.6
Throwing       | 2 |  2.0
Staves         | 3 4 5 |  5.2
Dodging        | 3 4 |  4.7

Action                   |  1- 3 |  4- 6 |  7- 9 || total
-------------------------+-------+-------+-------++-------
Melee: Quarterstaff      |    77 |   171 |    38 ||   286
       Bite              |    17 |    30 |     9 ||    56
  Use: Scroll            |       |     7 |     4 ||    11
       Potion            |       |     1 |       ||     1
 Stab: Sleeping          |     4 |       |       ||     4
       Distracted        |       |     1 |       ||     1
Armor: Leather armour    |    24 |    55 |     7 ||    86
Dodge: Dodged            |    41 |   120 |    23 ||   184

Table legend: (Time is in decaauts)
 A = Elapsed time spent in this place.
 B = Non-inter-level travel time spent in this place.
 C = Inter-level travel time spent in this place.
 D = Time resting spent in this place.
 E = Time spent auto-exploring this place.
 F = Levels seen in this place.
 G = Mean time per level.
                   A        B        C        D        E       F      G
               +--------+--------+--------+--------+--------+-----+--------+
         Total |   4179 |   3997 |    182 |      0 |   3107 |   6 |  696.5 |
       Dungeon |   4026 |   3844 |    182 |      0 |   2997 |   5 |  805.2 |
         Sewer |    152 |    152 |      0 |      0 |    109 |   1 |  152.0 |
               +--------+--------+--------+--------+--------+-----+--------+

Top non-repeatable levels by time:
     D:1: 1785 daAuts
     D:2: 783 daAuts
     D:3: 708 daAuts
     D:4: 620 daAuts
   Sewer: 152 daAuts
     D:5: 128 daAuts
